 Dungeon Crawl Stone Soup version 0.20.1-1-g8b1a95d (webtiles) character file.

175 FollowTheCloud the Sneak (level 5, 0/35 HPs)
             Began as a Vampire Enchanter on Aug 18, 2017.
             Slain by an ogre
             ... wielding a +0 giant club
              (17 damage)
             ... on level 3 of the Dungeon.
             The game lasted 00:10:04 (3371 turns).

FollowTheCloud the Sneak (Vampire Enchanter)        Turns: 3371, Time: 00:10:04

Health: 0/35       AC:  2    Str:  7    XL:     5   Next: 29%
Magic:  8/8        EV: 14    Int: 18    God:
Gold:   132        SH:  0    Dex: 15    Spells: 2/8 levels left

rFire    . . .     SeeInvis +   a - +1 dagger
rCold    + . .     Gourm    .   (no shield)
rNeg     + + .     Faith    .   b - +0 robe
rPois    +         Spirit   .   (no helmet)
rElec    .         Reflect  .   (no cloak)
rCorr    .         Harm     .   (no gloves)
MR       .....                  (no boots)
Stlth    ++++......             (no amulet)
Regen    0.1/turn               (no ring)
MPRegen  0.2/turn               (no ring)

@: regenerating slowly
A: fangs 3, see invisible, unbreathing
a: Bat Form


You were on level 3 of the Dungeon.
You were thirsty.

You visited 1 branch of the dungeon, and saw 3 of its levels.

You collected 132 gold pieces.

Inventory:

Hand Weapons
 a - a +1 dagger (weapon)
Armour
 b - a +0 robe (worn)
Jewellery
 h - an uncursed ring of resist corrosion {unknown}
Scrolls
 g - 3 scrolls of magic mapping {unknown}
 j - a scroll of enchant armour {unknown}
 l - 5 scrolls of remove curse {unknown}
 m - 3 scrolls of recharging {unknown}
 n - a scroll of fear {unknown}
 o - a scroll of enchant weapon {unknown}
 q - 3 scrolls of identify {unknown}
Potions
 d - a potion of resistance {unknown}
 e - 2 potions of flight {unknown}
 f - 3 potions of curing {unknown}
 i - 4 potions of mutation {unknown}
 k - a potion of berserk rage {unknown}
 p - a potion of brilliance {unknown}
Books
 c - a book of Maledictions

   Spells                             Type                      Level
   a - Corona                         Hexes                        1
   b - Ensorcelled Hibernation        Hexes/Ice                    2
   c - Confuse                        Hexes                        3
   d - Tukima's Dance                 Hexes                        3
   e - Dazzling Spray                 Conjuration/Hexes            3


   Skills:
 - Level 1.1 Short Blades
 + Level 3.5 Dodging
 + Level 5.9 Stealth
 - Level 2.3 Spellcasting
 + Level 5.8 Hexes
 + Level 1.9 Ice Magic


You had 2 spell levels left.
You knew the following spells:

 Your Spells              Type           Power        Failure   Level  Hunger
a - Corona                Hex            ###....      1%          1    #......
b - Ensorcelled Hibernat  Hex/Ice        ###...       5%          2    ##.....
c - Confuse               Hex            ###.....     4%          3    ###....


Dungeon Overview and Level Annotations

Branches:
Dungeon (3/15)

Altars:
Okawaru


Innate Abilities, Weirdness & Mutations

You heal slowly.
You have razor-sharp teeth.
You have supernaturally acute eyesight. (SInv)
You can survive without breathing.


Message History

The ogre moves out of view.
The ogre is too close now for your liking.
An ogre is nearby!
The ogre shouts!
You hit the ogre.
The ogre is lightly wounded.
The ogre hits you with a giant club!!
Ouch! That really hurt!
Casting: Ensorcelled Hibernation
Confirm with . or Enter, or press ? or * to list all spells.
Aiming: Ensorcelled Hibernation
Press: ? - help, Shift-Dir - straight line, f - ogre
Aim: an ogre, wielding a giant club (lightly wounded, chance to defeat MR: 47%)
The ogre resists with some effort.
A leopard gecko comes into view.
The leopard gecko hisses angrily.
The leopard gecko bites you. The leopard gecko barely misses you.
The leopard gecko hisses menacingly.
The ogre hits you with a giant club!
You die...

#.##.# #....# #.##.## #.....#
......# ###### ####.#######
#..... #.......#
#############.#### #######.#
#.Ol............#. #.#
#@###########.#.#. #.#
#.#.........#.#.#. ####### #.#
#.#.#######.#.#.#.
......####.#####.#.#.......#.#.##
#####.#<.........#.....#.#.#.#...
#####.####.#.............#.#.####
................................l
#####......#........##########...
....................#...≈)≈.....#


You could see an ogre and a leopard gecko.

Vanquished Creatures
  The ghost of letownia the Insei, an amateur OpTm (D:3)
  Jessica (D:3)
  An adder (D:1)
  An ooze (D:1)
  2 worms (D:2)
  4 dart slugs
  An orc (D:3)
  2 bats
  2 giant cockroaches
  10 goblins
  5 hobgoblins
  2 jackals (D:3)
  5 kobolds
  A ball python (D:2)
  4 frilled lizards
  10 rats
52 creatures vanquished.

Notes
Turn   | Place    | Note
-------+----------+-------------------------------------------
     0 | D:1      | FollowTheCloud the Vampire Enchanter began the quest for the Orb.
     0 | D:1      | Reached XP level 1. HP: 13/13 MP: 3/3
   373 | D:1      | Reached XP level 2. HP: 10/19 MP: 5/5
   480 | D:1      | Learned a level 2 spell: Ensorcelled Hibernation
   745 | D:1      | Reached skill level 5 in Hexes
  1003 | D:1      | Reached skill level 5 in Stealth
  1003 | D:1      | Reached XP level 3. HP: 17/24 MP: 6/6
  1409 | D:2      | Found a faded altar of an unknown god.
  1806 | D:2      | Reached skill level 1 in Ice Magic
  1945 | D:3      | Reached XP level 4. HP: 18/30 MP: 7/7
  2121 | D:3      | Noticed Jessica
  2129 | D:3      | Killed Jessica
  2137 | D:3      | Learned a level 3 spell: Confuse
  2325 | D:3      | Noticed letownia's ghost (amateur OpTm)
  2536 | D:3      | Killed letownia's ghost
  2536 | D:3      | Reached XP level 5. HP: 18/35 MP: 1/8
  2678 | D:3      | Found an iron altar of Okawaru.
  3307 | D:3      | Noticed an ogre
  3371 | D:3      | Slain by an ogre

Skill      XL: |  1  2  3  4 |
---------------+-------------+-----
Hexes          | 5 |  5.8
Stealth        | 5 |  5.9
Ice Magic      | 1 |  1.9
Dodging        | 3 |  3.5
Short Blades   | |  1.1
Spellcasting   | |  2.3

Action                   |  1- 3 |  4- 6 || total
-------------------------+-------+-------++-------
Melee: Dagger            |   147 |    24 ||   171
       Bite              |     9 |     7 ||    16
       Unarmed           |       |    25 ||    25
 Cast: Ensorcelled Hiber |    12 |     6 ||    18
       Corona            |     1 |     1 ||     2
       Confuse           |       |     4 ||     4
 Abil: End Transformatio |       |     2 ||     2
       Bat Form          |       |     2 ||     2
 Stab: Sleeping          |    15 |     5 ||    20
       Confused          |       |     1 ||     1
  Eat: Corpse            |    10 |       ||    10
Armor: Robe              |    10 |     1 ||    11
Dodge: Dodged            |    75 |    35 ||   110
